 Dungeon Crawl Stone Soup version 0.30-a0-723-gc1506a1cf0 (webtiles) character file.

Game seed: 4971592175461110135

0 PriceMaster the Conjurer (level 1, 0/11 HPs)
             Began as an Octopode Conjurer on Jan 28, 2023.
             Slain by a hobgoblin (1 damage)
             ... on level 1 of the Dungeon.
             The game lasted 00:00:12 (71 turns).

PriceMaster the Conjurer (Octopode Conjurer)          Turns: 71, Time: 00:00:12

Health: 0/11       AC:  1    Str:  6    XL:     1   Next: 10%
Magic:  1/3        EV: 13    Int: 20    God:
Gold:   0          SH:  0    Dex: 10    Spells: 3/4 levels left

rFire   . . .      SeeInvis .    (no weapon)
rCold   . . .      Faith    .    (no shield)
rNeg    . . .      Spirit   .    (helmet restricted)
rPois   .          Reflect  .    (no amulet)
rElec   .          Harm     .    (no ring)
rCorr   .          Rampage  .    (no ring)
Will    .....                    (no ring)
Stlth   +++                      (no ring)
HPRegen 0.21/turn                (no ring)
MPRegen 0.08/turn                (no ring)
                                 (no ring)
                                 (no ring)

@: no status effects
A: almost no armour, amphibious, 8 rings, camouflage 1, gelatinous body 1,
(nimble swimmer 1), tentacles
a: no special abilities


You were on level 1 of the Dungeon.
You visited 1 branch of the dungeon, and saw 1 of its levels.

Inventory:

Potions
 a - a potion of magic


   Skills:
 + Level 2.0 Dodging
 + Level 2.6 Stealth
 + Level 2.0 Spellcasting
 + Level 4.0 Conjurations


You had 3 spell levels left.
You knew the following spells:

 Your Spells              Type           Power      Damage    Failure   Level
a - Magic Dart            Conj           72%        1d6       3%          1

Your spell library contained the following spells:

 Spells                   Type           Power      Damage    Failure   Level
 Searing Ray              Conj           36%        2d5       4%          2
 Dazzling Flash           Conj/Hex       20%        N/A       21%         3
 Fulminant Prism          Conj/Hex       5%         3d7       56%         4
 Iskenderun's Mystic Bla  Conj/Tloc      10%        2d4       56%         4


Dungeon Overview and Level Annotations

Branches:
Dungeon (1/15)

Altars:


Innate Abilities, Weirdness & Mutations

You cannot wear most types of armour.
You are amphibious.
You can wear up to eight rings at the same time.
Your skin changes colour to match your surroundings (Stealth+).
Your rubbery body absorbs attacks. (AC +1, EV +1)
((You are camouflaged when in or above water. (Stealth+)))
You have tentacles for arms and can constrict up to eight enemies at once.


Message History

A kobold comes into view. It is wielding a +0 dagger.
The hobgoblin shouts!
You hear a shout!
The bat barely misses you.
The kobold shouts!
You tentacle-slap the bat but do no damage.
Your grab misses the bat. Your squeeze misses the bat.
The bat is heavily wounded.
The bat closely misses you. The goblin barely misses you.
You closely miss the bat. Your grab misses the bat.
Your squeeze misses the bat.
The bat is heavily wounded.
The bat hits you.
A goblin comes into view. It is wielding a +0 dagger.
The goblin closely misses you.
You closely miss the bat. Your grab misses the bat.
Your squeeze misses the bat.
The bat is heavily wounded.
The bat misses you. The goblin misses you.
You barely miss the goblin. You grab the goblin. You constrict the goblin.
The bat completely misses you. The hobgoblin closely misses you.
The goblin barely misses you.
You tentacle-slap the bat. Your grab misses the bat.
The bat is severely wounded.
You constrict the goblin. The bat closely misses you.
The hobgoblin closely misses you. The goblin hits you with a +0 club.
You barely miss the goblin.
The goblin is heavily wounded.
You constrict the goblin. The bat closely misses you. The hobgoblin hits you.
The goblin hits you with a +0 club.
* * * LOW HITPOINT WARNING * * *
You are too injured to fight recklessly!
You are too injured to fight recklessly!
You are too injured to fight recklessly!
You are too injured to fight recklessly!
Okay, then.
You release your grip on the goblin.
The kobold attacks as you move away! The kobold hits you with a +0 dagger.
* * * LOW HITPOINT WARNING * * *
The hobgoblin attacks as you move away! The hobgoblin hits you.
You die...

.#..#.. .# ...###.#.#
....#..#.# ......$#.#
#.# ......†#.# #.#
....g....# #.#
....#.b..# ... ...
...###K..# #.# #..#
....#.g@.# #.# #..#
......g#.# #.# #..#
......?#.####.#####..#
.......#.##.......#..#
.......#.##.#.###.#..#.#
###.####....#........#..
#. ############..#.. #
.........#..
.#######.#..


You could see a hobgoblin, 2 goblins, a bat and a kobold.

Vanquished Creatures
  A ball python (D:1)
1 creature vanquished.

Notes
Turn   | Place    | Note
-------+----------+-------------------------------------------
     0 | D:1      | PriceMaster the Octopode Conjurer began the quest for the
                  | Orb.
     0 | D:1      | Reached XP level 1. HP: 11/11 MP: 3/3
    71 | D:1      | Slain by a hobgoblin

Illustrated notes

Levels and vault maps discovered:
D:1:      dpeg_arrival_houses_and_road, layout_basic, serial_glass,
          glass_columns_a, glass_columns_b, due_unseen_surprise,
          item_on_display_b, minmay_strange_pillars, minmay_tromino_i4

Action                     || total
---------------------------++-------
  Melee: Unarmed           ||     6
         Constrict         ||     1
   Cast: Magic Dart        ||     3
  Dodge: Dodged            ||    14

Table legend: (Time is in decaauts)
 A = Elapsed time spent in this place.
 B = Non-inter-level travel time spent in this place.
 C = Inter-level travel time spent in this place.
 D = Time resting spent in this place.
 E = Time spent auto-exploring this place.
 F = Levels seen in this place.
 G = Mean time per level.
                   A        B        C        D        E       F      G
               +--------+--------+--------+--------+--------+-----+--------+
         Total |     71 |     71 |      0 |      0 |     55 |   1 |   71.0 |
       Dungeon |     71 |     71 |      0 |      0 |     55 |   1 |   71.0 |
               +--------+--------+--------+--------+--------+-----+--------+

Top non-repeatable levels by time:
     D:1: 71 daAuts
